 Dungeon Crawl Stone Soup version 0.24-a0-447-ge8da9206dc (webtiles) character file.

Game seed: 2168989297429207888

48034 Krouwed the Fighter (level 14, 0/119 HPs)
             Began as a Human Hunter on June 25, 2019.
             Was a High Priest of Okawaru.
             Slain by a black mamba (4 damage)
             ... on level 6 of the Lair of Beasts.
             The game lasted 01:16:08 (21167 turns).

Krouwed the Fighter (Human Hunter)                 Turns: 21167, Time: 01:16:08

Health: 0/119      AC: 17    Str: 18    XL:     14   Next: 84%
Magic:  19/21      EV: 11    Int: 12    God:    Okawaru [*****.]
Gold:   1077       SH:  7    Dex: 13    Spells: 13/13 levels left

rFire    + . .     SeeInvis .   a - +4 hand crossbow
rCold    + . .     Gourm    .   s - +1 buckler
rNeg     . . .     Faith    .   c - +0 chain mail
rPois    .         Spirit   .   A - +1 helmet of Agoraphobia {*Corrode Slay+6}
rElec    .         Reflect  .   J - scarf {rC+ rF+}
rCorr    +         Harm     .   (no gloves)
MR       +....                  y - +0 pair of boots
Stlth    ..........             t - amulet of magic regeneration
HPRegen  0.29/turn              S - +2 ring of slaying
MPRegen  0.42/turn              U - ring of resist corrosion

@: silence, heroism, finesse, hasted and slowed
A: no striking features
a: Renounce Religion


You were on level 6 of the Lair of Beasts.
You worshipped Okawaru.
Okawaru was extremely pleased with you.
You were not hungry.

You visited 2 branches of the dungeon, and saw 19 of its levels.
You also visited: Sewer and Ossuary.

You collected 1113 gold pieces.
You spent 36 gold pieces at shops.

Inventory:

Hand Weapons
 a - a +4 hand crossbow (weapon)
 b - a +2 war axe of venom
 d - a +0 scimitar of holy wrath
 q - a +1 scimitar of flaming
 E - a +0 whip of flaming
Missiles
 r - 45 bolts (quivered)
 v - 105 poisoned darts
 M - 8 atropa-tipped darts
Armour
 c - a +0 chain mail (worn)
 s - a +1 buckler (worn)
 y - a +0 pair of boots (worn)
 A - the +1 helmet of Agoraphobia (worn) {*Corrode Slay+6}
   (You found it on level 5 of the Dungeon)

   It affects your accuracy and damage with ranged weapons and melee attacks
   (+6).
   It may corrode you when you take damage.
 J - a scarf of resistance (worn)
Jewellery
 t - an amulet of magic regeneration (around neck)
 x - an uncursed amulet of the acrobat {unknown}
 G - a cursed -6 ring of intelligence {unknown}
 S - a +2 ring of slaying (left hand)
 U - a ring of resist corrosion (right hand)
Wands
 i - a wand of iceblast (28)
 H - a wand of polymorph (5)
 K - a wand of paralysis (5)
Scrolls
 e - a scroll of blinking
 g - 3 scrolls of magic mapping
 m - a scroll of immolation
 n - 2 scrolls of enchant armour
 o - 4 scrolls of fog
 B - 3 scrolls of remove curse
 L - a scroll of vulnerability
 N - 2 scrolls of enchant weapon
 V - a scroll of amnesia {unknown}
 X - a scroll of noise {unknown}
 Z - a scroll of summoning {unknown}
Potions
 h - 3 potions of cancellation
 k - a potion of ambrosia {unknown}
 l - a potion of invisibility
 p - 5 potions of lignification
 u - 4 potions of mutation
 w - 11 potions of curing
 z - 4 potions of flight
 C - 5 potions of might
 D - a potion of berserk rage
 F - 2 potions of haste
 I - a potion of heal wounds
 P - 4 potions of agility
 Y - 2 potions of resistance
Miscellaneous
 Q - a phantom mirror
Comestibles
 f - 36 rations


   Skills:
 + Level 13.6(18.6) Fighting
 + Level 10.2(15.2) Maces & Flails
 - Level 10.8(15.8) Crossbows
 + Level 10.2(15.2) Armour
 - Level 2.0(7.0) Dodging
 - Level 1.0(6.0) Stealth
 - Level 4.0(9.0) Shields
 - Level 10.0 Invocations
 - Level 5.0 Evocations


You had 13 spell levels left.
You didn't know any spells.
Your spell library contained the following spells:

 Spells                   Type           Power        Failure   Level  Hunger
 Corona                   Hex            #......      90%         1    ##.....
 Flame Tongue             Conj/Fire      #....        90%         1    ##.....
 Magic Dart               Conj           #...         90%         1    ##.....
 Ensorcelled Hibernation  Hex/Ice        #.....       97%         2    ###....
 Searing Ray              Conj           #.....       97%         2    ###....
 Slow                     Hex            #.......     97%         2    ###....
 Throw Flame              Conj/Fire      #.....       97%         2    ###....
 Confuse                  Hex            #.......     99%         3    ####...
 Conjure Flame            Conj/Fire      #.......     99%         3    ####...
 Dazzling Spray           Conj/Hex       #.....       99%         3    ####...
 Inner Flame              Hex/Fire       #.......     99%         3    ####...
 Portal Projectile        Hex/Tloc       #.....       99%         3    ####...
 Tukima's Dance           Hex            #.......     99%         3    ####...
 Cause Fear               Hex            #.........   100%        4    #####..
 Force Lance              Conj/Tloc      #.......     100%        4    #####..
 Fulminant Prism          Conj/Hex       #.........   100%        4    #####..
 Iskenderun's Mystic Bla  Conj           #.......     100%        4    #####..
 Leda's Liquefaction      Hex/Erth       #.........   100%        4    #####..
 Sticky Flame             Conj/Fire      #.......     100%        4    #####..
 Fireball                 Conj/Fire      #.........   100%        5    ######.


Dungeon Overview and Level Annotations

Branches:
Dungeon (13/15)            Temple (0/1) D:4            Lair (6/6) D:9
  Swamp (0/4) Lair:2        Snake (0/4) Lair:4        Slime (0/5) Lair:5
    Orc (0/2) D:9          Vaults (0/5) D:13

Altars:
Dithmenos
Fedhas
Kikubaaqudgha
Nemelex Xobeh
Okawaru
Sif Muna
Trog
Uskayaw
Wu Jian

Shops:
D:7 (   D:12 =

Portals:
Trove: D:13 (give +3 shadow dragon scales)

Annotations:
D:4 1 exclusion
Lair:5 3 runed translucent doors, exclusion: 3 doors, Craser22's ghost, journeyman MiBe


Message History

Aim: a black mamba (silenced, heavily wounded)
You shoot a bolt. The bolt hits the spiny frog!!
You kill the spiny frog!
Okawaru accepts your kill.
Firing (i - inventory. (/) - cycle)
r - 47 bolts (quivered)
Press: ? - help, Shift-Dir - straight line, f/p - black mamba
Aim: a black mamba (silenced, heavily wounded)
You shoot a bolt. The bolt hits the black mamba.
The black mamba is heavily wounded.
You block the black mamba's attack. The death yak gores you.
* * * LOW HITPOINT WARNING * * *
The rime drake bites the plant.
The black mamba barely misses you.
Firing (i - inventory. (/) - cycle)
r - 46 bolts (quivered)
Press: ? - help, Shift-Dir - straight line, f/p - black mamba
Aim: a black mamba (silenced, heavily wounded)
You shoot a bolt. The bolt misses the black mamba.
The bolt hits the torpor snail!!
The torpor snail is heavily wounded.
The death yak misses you. The black mamba bites you.
You die...

## .. k# #####
Y# .#
#@YP###k#..#
##Skk#.....P#
#.wYY.......#
#............#
#P.....#...###
#..###Y#P..#
#... ..#####
#P.. ...[ P
#.. #...# #.


You could see 2 death yaks, a torpor snail, a lindwurm, a black mamba, a rime
drake and 2 dream sheep.

Vanquished Creatures
  2 entropy weavers (Lair:4)
  5 hydras
  2 two-headed ogres
  4 death yaks (Lair:6)
  A queen ant (Lair:4)
  Pikel (D:5)
  A lindwurm (Lair:6)
  A cyclops (D:12)
  2 ugly things (D:12)
  2 slime creatures (D:13)
  A manticore (D:12)
  An oklob plant (Lair:1)
  4 elephants
  Maurice (D:9)
  2 black mambas (Lair:6)
  Psyche (D:10)
  A torpor snail (Lair:4)
  2 gargoyles (D:13)
  8 spiny frogs
  2 centaur skeletons
  An efreet (D:13)
  5 komodo dragons
  4 trolls
  A polar bear (Lair:5)
  8 hippogriffs
  2 dream sheep (D:12)
  18 blink frogs
  A shadow (D:13)
  A wraith (D:13)
  33 yaks
  2 wyverns
  Grum (D:10)
  2 basilisks
  6 hungry ghosts
  4 vampire mosquitoes (D:13)
  5 nagas (Lair:4)
  Edmund (D:5)
  5 soldier ants (Lair:4)
  An acid dragon (D:11)
  7 porcupines
  10 water moccasins
  7 ice beasts
  6 orc warriors
  5 sky beasts
  A phantom (D:5)
  A slave (D:5)
  2 necrophages
  An eye of draining (D:13)
  10 ogres
  9 wolves
  7 centaurs
  7 crocodiles
  12 bullfrogs
  8 big kobolds
  2 wyvern zombies
  5 water moccasin zombies (Ossuary)
  A wyvern skeleton (D:7)
  4 scorpions
  14 killer bees
  A howler monkey (D:8)
  5 wights (D:13)
  5 crimson imps
  A bullfrog zombie (D:12)
  3 centaur zombies
  A hound (D:6)
  A quasit (D:5)
  3 gnoll shamans
  14 orc priests
  A jelly (D:9)
  22 orc wizards
  2 iguanas (D:4)
  18 worker ants
  6 big kobold zombies (Ossuary)
  A hound skeleton (D:6)
  2 mummies (Ossuary)
  A worker ant zombie (D:6)
  12 gnolls
  2 river rats (D:5)
  23 adders
  2 shadow imps
  2 oozes
  7 adder zombies
  6 worms
  3 dart slugs (D:1)
  10 leopard geckos
  64 orcs
  6 giant cockroaches
  3 goblins
  6 hobgoblins
  8 jackals
  7 quokkas
  A ball python (D:2)
  11 bats
  4 frilled lizards
  A gnoll zombie (Ossuary)
  8 hobgoblin zombies (Ossuary)
  A jackal zombie (D:5)
  27 kobolds
  3 kobold zombies (Ossuary)
  A leopard gecko zombie (D:5)
  5 orc zombies (Ossuary)
  A quokka skeleton (D:8)
  10 rats
  6 fungi (Lair:1)
  11 plants
602 creatures vanquished.

Vanquished Creatures (others)
  A fungus (Lair:2)
  9 plants
10 creatures vanquished.

Grand Total: 612 creatures vanquished

Notes
Turn   | Place    | Note
-------+----------+-------------------------------------------
     0 | D:1      | Krouwed the Human Hunter began the quest for the Orb.
     0 | D:1      | Reached XP level 1. HP: 16/16 MP: 1/1
   276 | D:1      | Reached XP level 2. HP: 22/23 MP: 2/2
   422 | D:1      | Reached XP level 3. HP: 27/28 MP: 3/3
   858 | D:2      | Found an iron altar of Okawaru.
   865 | D:2      | Reached skill level 3 in Fighting
   907 | D:2      | Became a worshipper of Warmaster Okawaru
   977 | D:2      | Reached XP level 4. HP: 35/35 MP: 4/4
  1323 | D:2      | Reached skill level 1 in Shields
  1325 | D:2      | Reached skill level 5 in Crossbows
  1342 | D:2      | Reached XP level 5. HP: 41/41 MP: 5/5
  2036 | D:3      | Reached XP level 6. HP: 47/47 MP: 6/6
  2140 | D:3      | Reached * piety under Okawaru
  3296 | D:3      | Reached XP level 7. HP: 27/52 MP: 7/7
  4185 | D:4      | Found a staircase to the Ecumenical Temple.
  4914 | D:5      | Entered Level 5 of the Dungeon
  4983 | D:5      | Reached XP level 8. HP: 34/58 MP: 8/8
  5071 | D:5      | Found a glowing drain.
  5078 | Sewer    | Entered a sewer
  5511 | Sewer    | Found a white marble altar of Elyvilon.
  5645 | D:5      | Got an encrusted helmet
  5651 | D:5      | Identified the +1 helmet of Agoraphobia {*Corrode Slay+6}
                  | (You found it on level 5 of the Dungeon)
  5811 | D:5      | Found a sparkling altar of Nemelex Xobeh.
  5811 | D:5      | Found a deep blue altar of Sif Muna.
  5812 | D:5      | Reached ** piety under Okawaru
  5818 | D:5      | Found a hide-covered altar of Uskayaw.
  5820 | D:5      | Found an ornate altar of the Wu Jian Council.
  5822 | D:5      | Found an iron altar of Okawaru.
  5921 | D:5      | Found an ancient bone altar of Kikubaaqudgha.
  5997 | D:5      | Noticed Edmund
  6014 | D:5      | Killed Edmund
  6133 | D:5      | Noticed Pikel
  6151 | D:5      | Killed Pikel
  6151 | D:5      | Reached *** piety under Okawaru
  6151 | D:5      | Reached skill level 10 in Crossbows
  6151 | D:5      | Reached XP level 9. HP: 57/64 MP: 9/9
  6304 | D:6      | Reached skill level 1 in Invocations
  6308 | D:6      | Reached skill level 1 in Armour
  6422 | D:6      | Reached skill level 4 in Fighting
  6436 | D:6      | Reached **** piety under Okawaru
  6915 | D:7      | Reached skill level 5 in Fighting
  6915 | D:7      | Reached XP level 10. HP: 66/74 MP: 12/12
  7010 | D:7      | Received a gift from Okawaru
  7316 | D:7      | Found a shadowy altar of Dithmenos.
  7554 | D:7      | Reached skill level 5 in Invocations
  7577 | D:7      | Reached skill level 6 in Fighting
  7627 | D:7      | HP: 3/77 [orc priest/divine providence (15)]
  8063 | D:7      | Found Wexty's Weapon Shoppe.
  8291 | D:8      | Reached skill level 7 in Fighting
  8337 | D:8      | Received a gift from Okawaru
  8434 | D:8      | Found a sand-covered staircase.
  8441 | Ossuary  | Entered an ossuary
  8849 | D:8      | Reached skill level 8 in Fighting
  8856 | D:8      | Reached XP level 11. HP: 65/86 MP: 14/16
  9251 | D:9      | Found a staircase to the Lair.
  9251 | D:9      | Noticed an elephant
  9289 | D:9      | Killed an elephant
  9521 | D:9      | Noticed Maurice
  9534 | D:9      | Killed Maurice
  9534 | D:9      | Reached ***** piety under Okawaru
  9534 | D:9      | Received a gift from Okawaru
  9534 | D:9      | Reached skill level 9 in Fighting
  9592 | D:7      | Bought 15 bolts for 36 gold pieces
 10412 | D:9      | Received a gift from Okawaru
 10443 | D:9      | Found a staircase to the Orcish Mines.
 10541 | D:9      | Reached skill level 10 in Invocations
 10686 | D:10     | Entered Level 10 of the Dungeon
 10851 | D:10     | Reached skill level 1 in Maces & Flails
 10856 | D:10     | Reached skill level 10 in Fighting
 10883 | D:10     | Noticed Grum
 10892 | D:10     | Killed Grum
 10896 | D:10     | Received a gift from Okawaru
 11014 | D:10     | Noticed a two-headed ogre
 11014 | D:10     | Noticed Psyche
 11025 | D:10     | Killed Psyche
 11030 | D:10     | Killed a two-headed ogre
 11030 | D:10     | Received a gift from Okawaru
 11032 | D:10     | Reached XP level 12. HP: 59/98 MP: 13/19
 11496 | D:11     | Noticed a two-headed ogre
 11503 | D:11     | Killed a two-headed ogre
 11629 | D:11     | Got a slimy spear
 11630 | D:11     | Identified the +8 spear of Anxiety {freeze, rPois MR- SInv}
                  | (You found it on level 11 of the Dungeon)
 11950 | D:11     | Reached skill level 11 in Fighting
 12462 | D:11     | Reached skill level 5 in Maces & Flails
 12826 | D:12     | Reached skill level 5 in Armour
 12873 | D:12     | Reached skill level 1 in Evocations
 12903 | D:12     | Found Qeabb's Jewellery Shoppe.
 13365 | D:12     | Noticed a three-headed hydra
 13384 | D:12     | Killed a three-headed hydra
 13894 | D:12     | Found a bloodstained altar of Trog.
 14064 | D:12     | Reached XP level 13. HP: 100/106 MP: 20/20
 14223 | D:13     | Found a portal to a secret trove of treasure.
 14496 | D:13     | Received a gift from Okawaru
 14646 | D:13     | Found a gate to the Vaults.
 14646 | D:13     | Noticed a centaur warrior
 14646 | D:13     | Noticed an ironheart preserver
 15003 | Lair:1   | Entered Level 1 of the Lair of Beasts
 15097 | Lair:1   | Reached skill level 12 in Fighting
 15287 | Lair:1   | Reached skill level 5 in Evocations
 15633 | Lair:1   | You fall into a shaft and drop 1 floor!
 15635 | Lair:2   | Received a gift from Okawaru
 15792 | Lair:2   | Found a staircase to the Swamp.
 16134 | Lair:2   | Received a gift from Okawaru
 16567 | Lair:1   | Found a blossoming altar of Fedhas.
 18190 | Lair:4   | Found a staircase to the Snake Pit.
 18337 | Lair:4   | Noticed a seven-headed hydra
 18343 | Lair:4   | Killed a seven-headed hydra
 18343 | Lair:4   | Reached XP level 14. HP: 116/116 MP: 19/21
 18622 | Lair:4   | Noticed an entropy weaver
 18628 | Lair:4   | Noticed an entropy weaver
 18640 | Lair:4   | Killed an entropy weaver
 18983 | Lair:4   | Killed an entropy weaver
 19060 | Lair:4   | Reached skill level 13 in Fighting
 19688 | Lair:5   | Found a staircase to the Slime Pits.
 19877 | Lair:5   | Found a runed translucent gate.
 19878 | Lair:5   | Found a runed translucent gate.
 19879 | Lair:5   | Found a runed translucent gate.
 19880 | Lair:5   | Noticed Craser22's ghost (journeyman MiBe)
 20025 | Lair:5   | Received a gift from Okawaru
 20482 | Lair:6   | Entered Level 6 of the Lair of Beasts
 20519 | Lair:6   | Received a gift from Okawaru
 20959 | Lair:6   | Received a gift from Okawaru
 21027 | Lair:6   | Reached skill level 10 in Maces & Flails
 21055 | Lair:6   | Received a gift from Okawaru
 21055 | Lair:6   | Reached skill level 10 in Armour
 21135 | Lair:6   | Received a gift from Okawaru
 21158 | Lair:6   | Found the +2 cloak of the Thief {+Fog Slay-2 SInv Stlth+}
 21166 | Lair:6   | HP: 4/119 [death yak (5)]
 21167 | Lair:6   | Slain by a black mamba

Levels and vault maps discovered:
D:1:      dpeg_arrival_round_c, layout_loops_ring
D:2:      minmay_chambers_of_twos, layout_rooms, okawaru_ov_weapons_minmay
D:3:      layout_loops_corners
D:4:      layout_layer_cave, minmay_temple_entry_grid, serial_glass,
          glass_columns_c, glass_columns_a, minmay_strange_pillars,
          due_unseen_surprise, item_on_display_a, first_ration
D:5:      layout_loops_ring, overflow_temple_1_default,
          chequers_temple_overflow_minitemple, lightli_sewer_entry_pipes,
          uniq_edmund, uniq_pikel
D:6:      layout_rooms, kennysheep_small_circle
D:7:      layout_basic, nicolae_dithmenos_shadow_blocks, serial_shops,
          kennysheep_mini, minmay_chambers_of_fives
D:8:      layout_cave_pools, enter_ossuary_1
D:9:      layout_irregular_city, david_lair_generic, hiddenorc2_lemuel,
          uniq_maurice
D:10:     layout_rooms, uniq_psyche, uniq_grum
D:11:     layout_basic
D:12:     layout_irregular_city, basic_altar, serial_shops, shop_statue,
          hangedman_ranch [blue_anna_fruit_fields]
D:13:     layout_loops_ring, skrybe_vaults_entry_preservation, enter_trove_0
Lair:1:   layout_chaotic_city, tgw_fedhas
Lair:2:   layout_roguey, swamp_mist_pool
Lair:3:   layout_loops_ring, grunt_megastairs_4
Lair:4:   layout_misc_corridors, minmay_snake_entry_guardpost_medium,
          wad_woods_antlair, lemuel_fruit_tree, infiniplex_staircase_pool_2
Lair:5:   layout_loops_ring, slime_dummy, gammafunk_ghost_hydra_chop
Lair:6:   hangedman_lair_in_review, layout_gridlike, st_stairs_4

Skill      XL: |  1  2  3  4  5  6  7  8  9 10 11 12 13 14 |
---------------+-------------------------------------------+-----
Fighting       | 3 5 8 10 11 12 13 | 13.6
Shields        | 1 2 3 4 |  4.0
Crossbows      | 5 6 7 10 | 10.8
Invocations    | 3 7 10 | 10.0
Armour         | 3 6 8 10 | 10.2
Maces & Flails | 3 6 8 10 | 10.2
Evocations     | 3 5 |  5.0
Dodging        | |  2.0
Stealth        | |  1.0

Action                   |  1- 3 |  4- 6 |  7- 9 | 10-12 | 13-15 || total
-------------------------+-------+-------+-------+-------+-------++-------
Melee: Short sword       |    76 |    34 |   139 |       |       ||   249
       War axe           |       |       |    30 |   129 |   124 ||   283
       Whip              |       |       |     9 |    15 |       ||    24
       Scimitar          |       |       |       |    88 |     8 ||    96
       Hand crossbow     |       |       |       |     1 |     1 ||     2
 Fire: Hand crossbow     |    16 |   163 |   157 |   590 |   570 ||  1496
Throw: Stone             |    30 |       |       |       |       ||    30
       Dart              |       |       |    94 |    22 |    12 ||   128
Invok: Heroism           |       |       |     1 |    18 |    20 ||    39
       Finesse           |       |       |       |     1 |     4 ||     5
Evoke: Wand              |       |       |     1 |     1 |     1 ||     3
  Use: Scroll            |       |     4 |     1 |     9 |    27 ||    41
       Potion            |       |       |     6 |     4 |     5 ||    15
  Eat: Chunk             |       |     5 |    10 |    17 |     8 ||    40
       Ration            |       |     1 |       |     6 |     4 ||    11
Armor: Chain mail        |    58 |    82 |   155 |   258 |   246 ||   799
Dodge: Dodged            |    20 |    41 |   107 |   132 |   186 ||   486
Block: Buckler           |       |    34 |    69 |   110 |   140 ||   353
       Rpst.: Scimitar   |       |       |       |     6 |       ||     6

Table legend:
 A = Non-vault XP
 B = Vault XP
 C = Vault XP percentage of total XP
 D = Non-vault monster count
 E = Vault monster count
 F = Vault count percentage of total count
                 A         B        C        D         E       F
            +---------+---------+-------+---------+---------+-------
      Total |   52233 |   16388 |  23.9 |     438 |     146 |  25.0
            +---------+---------+-------+---------+---------+-------
        D:1 |      59 |       0 |   0.0 |      18 |       0 |   0.0
        D:2 |     114 |      65 |  36.3 |      27 |       8 |  22.9
        D:3 |     345 |       0 |   0.0 |      26 |       0 |   0.0
        D:4 |     396 |       0 |   0.0 |      23 |       0 |   0.0
        D:5 |     533 |     885 |  62.4 |      14 |      11 |  44.0
        D:6 |     832 |      96 |  10.3 |      18 |       3 |  14.3
        D:7 |    1411 |     785 |  35.7 |      37 |       4 |   9.8
        D:8 |    1737 |       0 |   0.0 |      45 |       0 |   0.0
        D:9 |    2858 |    2149 |  42.9 |      33 |      36 |  52.2
       D:10 |    1735 |     867 |  33.3 |      15 |       4 |  21.1
       D:11 |    4647 |       0 |   0.0 |      23 |       0 |   0.0
       D:12 |    4444 |    2262 |  33.7 |      31 |       8 |  20.5
       D:13 |    5344 |      96 |   1.8 |      28 |       1 |   3.4
     Lair:1 |    2622 |     535 |  16.9 |      13 |       1 |   7.1
     Lair:2 |    4945 |       0 |   0.0 |      21 |       0 |   0.0
     Lair:3 |    2126 |       0 |   0.0 |       8 |       0 |   0.0
     Lair:4 |    5406 |    5527 |  50.6 |      17 |      20 |  54.1
     Lair:5 |    5114 |       0 |   0.0 |      24 |       0 |   0.0
     Lair:6 |    7565 |    2391 |  24.0 |      17 |       6 |  26.1
      Sewer |       0 |     103 | 100.0 |       0 |       8 | 100.0
    Ossuary |       0 |     627 | 100.0 |       0 |      36 | 100.0
            +---------+---------+-------+---------+---------+-------
